TOP OF THE 1ST |
El Paso Texans batting - Pitching for Montgomery Grey Sox : RHP Matt Kinnieson
|
Pitching: RHP Matt Kinnieson
|
|
Batting: RHB Domingo Morales
|
0-0: Ball 1-0: Ball 2-0: SINGLE (Groundball, 56D)
|
Batting: RHB Cole Boehmer
|
0-0: Grounds into double play, 6-4-3 (Groundball, 6)
|
Batting: LHB Guy Moss
|
0-0: Ball 1-0: Fly out, F8 (Flyball, 8LD)
|
Top of the 1st over - 0 run(s), 1 hit(s), 0 error(s), 0 left on base; El Paso 0 - Montgomery 0 |
BOTTOM OF THE 1ST |
Montgomery Grey Sox batting - Pitching for El Paso Texans : RHP John Harvey
|
Pitching: RHP John Harvey
|
|
Batting: RHB Frederick Curtis
|
0-0: Ball 1-0: Swinging Strike 1-1: Fly out, F8 (Line Drive, 8LM)
|
Batting: SHB Joe Pierce
|
0-0: Ball 1-0: Ground out 6-3 (Groundball, 6M)
|
Batting: RHB Dean Bailey
|
0-0: Ball 1-0: Called Strike 1-1: Ball 2-1: Ball 3-1: Base on Balls
|
Batting: RHB Bryant von Bohlen
|
0-0: Called Strike 0-1: Ball 1-1: Fielders Choice at 2nd, 4-6 (Groundball, 4D)
|
Bottom of the 1st over - 0 run(s), 0 hit(s), 0 error(s), 0 left on base; El Paso 0 - Montgomery 0 |
TOP OF THE 2ND |
El Paso Texans batting - Pitching for Montgomery Grey Sox : RHP Matt Kinnieson
|
Batting: SHB Oliver Riley
|
0-0: Ball 1-0: Swinging Strike 1-1: Foul Ball, location: 2F 1-2: Foul Ball, location: 2F 1-2: SOLO HOME RUN (Flyball, 78XD), Distance : 415 ft
|
Batting: RHB Javier Álvarez
|
0-0: Ball 1-0: Ball 2-0: SINGLE (Line Drive, 8LS)
|
Batting: LHB Michael Melton
|
0-0: Ball 1-0: DOUBLE (Line Drive, 9LM) Javier Álvarez to third
|
Batting: RHB Marvin Johnson
|
0-0: Ball 1-0: Called Strike 1-1: Foul Ball, location: 2F 1-2: Fly out, F9 (Flyball, 9) Runner from 3rd tags up, SCORES, throw made
|
Batting: RHB Wayne Carter
|
0-0: Fly out, F8 (Line Drive, 8LM)
|
Batting: RHB Andrew O'Dell
|
0-0: Called Strike 0-1: Called Strike 0-2: Foul Ball, location: 2F 0-2: Ball 1-2: Ground out 5-3 (Groundball, 5)
|
Top of the 2nd over - 2 run(s), 3 hit(s), 0 error(s), 1 left on base; El Paso 2 - Montgomery 0 |
BOTTOM OF THE 2ND |
Montgomery Grey Sox batting - Pitching for El Paso Texans : RHP John Harvey
|
Batting: SHB Hoyt Norris
|
0-0: Called Strike 0-1: Ball 1-1: Ball 2-1: Foul Ball, location: 2F 2-2: Ball 3-2: Ground out 6-3 (Groundball, 6)
|
Batting: RHB Luis Pineda
|
0-0: Ball 1-0: SINGLE (Groundball, 4MD)
|
Batting: LHB Amlak Saitoti
|
0-0: Ball 1-0: Ball 2-0: Swinging Strike 2-1: Ball 3-1: Called Strike 3-2: Strikes out swinging
|
Batting: RHB Sergio Gonzáles
|
0-0: Ball 1-0: Called Strike 1-1: Foul Ball, location: 2F 1-2: Strikes out swinging
|
Bottom of the 2nd over - 0 run(s), 1 hit(s), 0 error(s), 1 left on base; El Paso 2 - Montgomery 0 |
TOP OF THE 3RD |
El Paso Texans batting - Pitching for Montgomery Grey Sox : RHP Matt Kinnieson
|
Batting: RHB Domingo Morales
|
0-0: Called Strike 0-1: Ball 1-1: Called Strike 1-2: Fly out, F8 (Flyball, 8LD)
|
Batting: RHB Cole Boehmer
|
0-0: Ball 1-0: Ball 2-0: Ball 3-0: Called Strike 3-1: Base on Balls
|
Batting: LHB Guy Moss
|
0-0: Ball 1-0: Ball 2-0: Called Strike 2-1: Ball 3-1: Foul Ball, location: 2F 3-2: Base on Balls Cole Boehmer to second
|
Batting: SHB Oliver Riley
|
0-0: Called Strike 0-1: Called Strike 0-2: Strikes out swinging
|
Batting: RHB Javier Álvarez
|
0-0: Fly out, F8 (Line Drive, 89M)
|
Top of the 3rd over - 0 run(s), 0 hit(s), 0 error(s), 2 left on base; El Paso 2 - Montgomery 0 |
BOTTOM OF THE 3RD |
Montgomery Grey Sox batting - Pitching for El Paso Texans : RHP John Harvey
|
Batting: RHB Félix Guillén
|
0-0: SINGLE (Flyball, 89S)
|
Batting: RHB Frederick Curtis
|
0-0: Called Strike 0-1: Ball 1-1: SINGLE (Groundball, 6D) Félix Guillén to second
|
Batting: SHB Joe Pierce
|
0-0: Ball 1-0: DOUBLE (Flyball, 89D) Félix Guillén scores Frederick Curtis to third
|
Batting: RHB Dean Bailey
|
0-0: Called Strike 0-1: Ball 1-1: Fly out, F8 (Flyball, 8LD) Runner from 3rd tags up, SCORES, no throw
|
Batting: RHB Bryant von Bohlen
|
0-0: Called Strike 0-1: Foul Ball, location: 2F 0-2: Ball 1-2: Ball 2-2: Foul Ball, location: 2F 2-2: Ground out 6-3 (Groundball, 6)
|
Batting: SHB Hoyt Norris
|
0-0: Called Strike 0-1: Ball 1-1: Foul Ball, location: 2F 1-2: Foul Ball, location: 2F 1-2: SINGLE (Groundball, 5D) Joe Pierce to third Runner from 3rd tries for Home, SAFE, no throw
|
Batting: RHB Luis Pineda
|
0-0: Fielders Choice at 2nd, 4-6 (Groundball, 4)
|
Bottom of the 3rd over - 3 run(s), 4 hit(s), 0 error(s), 0 left on base; El Paso 2 - Montgomery 3 |
TOP OF THE 4TH |
El Paso Texans batting - Pitching for Montgomery Grey Sox : RHP Matt Kinnieson
|
Batting: LHB Michael Melton
|
0-0: Ball 1-0: Foul Ball, location: 2F 1-1: Ball 2-1: Ball 3-1: Ground out 5-3 (Groundball, 56)
|
Batting: RHB Marvin Johnson
|
0-0: Ball 1-0: Fly out, F4 (Line Drive, 4)
|
Batting: RHB Wayne Carter
|
0-0: Swinging Strike 0-1: Ball 1-1: Ball 2-1: Swinging Strike 2-2: Foul Ball, location: 2F 2-2: Strikes out looking
|
Top of the 4th over - 0 run(s), 0 hit(s), 0 error(s), 0 left on base; El Paso 2 - Montgomery 3 |
BOTTOM OF THE 4TH |
Montgomery Grey Sox batting - Pitching for El Paso Texans : RHP John Harvey
|
Batting: LHB Amlak Saitoti
|
0-0: Ball 1-0: Called Strike 1-1: Ground out 4-3 (Groundball, 4)
|
Batting: RHB Sergio Gonzáles
|
0-0: Called Strike 0-1: Called Strike 0-2: Ball 1-2: Strikes out swinging
|
Batting: RHB Félix Guillén
|
0-0: Ball 1-0: Foul Ball, location: 2F 1-1: Ball 2-1: Foul Ball, location: 2F 2-2: Ball 3-2: Foul Ball, location: 2F 3-2: DOUBLE (Line Drive, 89M)
|
Batting: RHB Frederick Curtis
|
0-0: Swinging Strike 0-1: Foul Ball, location: 2F 0-2: Foul Ball, location: 2F 0-2: Foul Ball, location: 2F 0-2: Strikes out swinging
|
Bottom of the 4th over - 0 run(s), 1 hit(s), 0 error(s), 1 left on base; El Paso 2 - Montgomery 3 |
TOP OF THE 5TH |
El Paso Texans batting - Pitching for Montgomery Grey Sox : RHP Matt Kinnieson
|
Batting: RHB Andrew O'Dell
|
0-0: Ball 1-0: Ball 2-0: Ball 3-0: Base on Balls
|
Batting: RHB Domingo Morales
|
0-0: Ball 1-0: SINGLE (Groundball, 2L) (infield hit) Andrew O'Dell to second
|
Batting: RHB Cole Boehmer
|
0-0: Ball 1-0: Called Strike 1-1: Foul Ball, location: 2F 1-2: Fly out, F7 (Flyball, 78S)
|
Batting: LHB Guy Moss
|
0-0: Called Strike 0-1: Fielders Choice at 2nd, 6-4 (Groundball, 6) Andrew O'Dell to third
|
Batting: SHB Oliver Riley
|
0-0: Called Strike Guy Moss is caught stealing 2nd base
|
Top of the 5th over - 0 run(s), 1 hit(s), 0 error(s), 0 left on base; El Paso 2 - Montgomery 3 |
BOTTOM OF THE 5TH |
Montgomery Grey Sox batting - Pitching for El Paso Texans : RHP John Harvey
|
Batting: SHB Joe Pierce
|
0-0: Called Strike 0-1: Called Strike 0-2: Strikes out swinging
|
Batting: RHB Dean Bailey
|
0-0: Ground out 6-3 (Groundball, 56)
|
Batting: RHB Bryant von Bohlen
|
0-0: Called Strike 0-1: Foul Ball, location: 2F 0-2: Foul Ball, location: 2F 0-2: Ball 1-2: Foul Ball, location: 2F 1-2: Foul Ball, location: 2F 1-2: Strikes out swinging
|
Bottom of the 5th over - 0 run(s), 0 hit(s), 0 error(s), 0 left on base; El Paso 2 - Montgomery 3 |
TOP OF THE 6TH |
El Paso Texans batting - Pitching for Montgomery Grey Sox : RHP Matt Kinnieson
|
Batting: SHB Oliver Riley
|
0-0: Called Strike 0-1: Ball 1-1: Called Strike 1-2: Foul Ball, location: 2F 1-2: Ball 2-2: Foul Ball, location: 2F 2-2: Ball 3-2: Base on Balls
|
Batting: RHB Javier Álvarez
|
0-0: Ball 1-0: Called Strike 1-1: Swinging Strike 1-2: SINGLE (Groundball, 4M) (infield hit) Oliver Riley to second
|
Batting: LHB Michael Melton
|
0-0: Ball 1-0: Ball 2-0: Called Strike 2-1: Called Strike 2-2: Ball 3-2: Strikes out swinging
|
Pitching: RHP Dan Gibson
|
|
Batting: RHB Marvin Johnson
|
0-0: Ball 1-0: Ball 2-0: Called Strike 2-1: Ball 3-1: Base on Balls Oliver Riley to third Javier Álvarez to second
|
Batting: RHB Wayne Carter
|
0-0: Called Strike 0-1: Called Strike 0-2: Fly out, F8 (Flyball, 8LM) Runner from 3rd tags up, SCORES, no throw
|
Batting: RHB Andrew O'Dell
|
0-0: Ball 1-0: Ball 2-0: Called Strike 2-1: Ball 3-1: Swinging Strike 3-2: Fly out, F9 (Flyball, 9S)
|
Top of the 6th over - 1 run(s), 1 hit(s), 0 error(s), 2 left on base; El Paso 3 - Montgomery 3 |
BOTTOM OF THE 6TH |
Montgomery Grey Sox batting - Pitching for El Paso Texans : RHP John Harvey
|
Pitching: RHP Bill Hines
|
|
Batting: SHB Hoyt Norris
|
0-0: SINGLE (Line Drive, 4M)
|
Batting: RHB Luis Pineda
|
0-0: Called Strike 0-1: Called Strike 0-2: Fly out, F8 (Flyball, 8RM)
|
Batting: LHB Amlak Saitoti
|
0-0: Called Strike 0-1: Called Strike 0-2: Foul Ball, location: 2F 0-2: Foul Ball, location: 2F 0-2: Ball 1-2: Foul Ball, location: 2F 1-2: Strikes out swinging
|
Batting: RHB Sergio Gonzáles
|
0-0: Called Strike 0-1: Ball 1-1: SINGLE (Line Drive, 7S) Hoyt Norris to second
|
Batting: RHB Félix Guillén
|
0-0: Swinging Strike 0-1: Ball 1-1: Swinging Strike 1-2: Ball 2-2: Foul Ball, location: 2F 2-2: Ball 3-2: Strikes out swinging
|
Bottom of the 6th over - 0 run(s), 2 hit(s), 0 error(s), 2 left on base; El Paso 3 - Montgomery 3 |
TOP OF THE 7TH |
El Paso Texans batting - Pitching for Montgomery Grey Sox : RHP Dan Gibson
|
Pinch Hitting: RHB John Wilson
|
0-0: Ball 1-0: Ball 2-0: Ball 3-0: Called Strike 3-1: Base on Balls
|
Pinch Hitting: RHB José Murillo
|
0-0: Foul Ball, location: 2F 0-1: Foul Ball, location: 2F 0-2: Ball 1-2: Ball 2-2: Fly out, F3 (Line Drive, 3) Lined into DP, U3 (Line Drive, 3)
|
Batting: LHB Guy Moss
|
0-0: Called Strike 0-1: Ball 1-1: Foul Ball, location: 2F 1-2: Ball 2-2: Ball 3-2: Foul Ball, location: 2F 3-2: Base on Balls
|
Batting: SHB Oliver Riley
|
0-0: Ball 1-0: Ball 2-0: Called Strike 2-1: Ball Guy Moss steals 2nd base 3-1: Fly out, F7 (Flyball, 78M)
|
Top of the 7th over - 0 run(s), 0 hit(s), 0 error(s), 1 left on base; El Paso 3 - Montgomery 3 |
BOTTOM OF THE 7TH |
Montgomery Grey Sox batting - Pitching for El Paso Texans : RHP Bill Hines
|
Now at 2B: John Wilson
|
|
Now in RF: José Murillo
|
|
Batting: RHB Frederick Curtis
|
0-0: Ball 1-0: Ground out 6-3 (Groundball, 56)
|
Batting: SHB Joe Pierce
|
0-0: Called Strike 0-1: Ball 1-1: Ground out 6-3 (Groundball, 4MD)
|
Batting: RHB Dean Bailey
|
0-0: Called Strike 0-1: Ball 1-1: Foul Ball, location: 2F 1-2: Ball 2-2: Foul Ball, location: 2F 2-2: Ground out 1-3 (Groundball, 13)
|
Bottom of the 7th over - 0 run(s), 0 hit(s), 0 error(s), 0 left on base; El Paso 3 - Montgomery 3 |
TOP OF THE 8TH |
El Paso Texans batting - Pitching for Montgomery Grey Sox : RHP Dan Gibson
|
Batting: RHB Javier Álvarez
|
0-0: Called Strike 0-1: Called Strike 0-2: Strikes out swinging
|
Pinch Hitting: LHB Roberto Félix
|
0-0: Ball 1-0: Ball 2-0: Foul Ball, location: 2F 2-1: Ball 3-1: Foul Ball, location: 2F 3-2: Strikes out swinging
|
Batting: RHB Marvin Johnson
|
0-0: Ball 1-0: Ball 2-0: Ball 3-0: Base on Balls
|
Pinch Runner at 1st John James:
|
|
Pinch Hitting: SHB Jeffery Ivey
|
0-0: Ground out U3 (Groundball, 3)
|
Top of the 8th over - 0 run(s), 0 hit(s), 0 error(s), 1 left on base; El Paso 3 - Montgomery 3 |
BOTTOM OF THE 8TH |
Montgomery Grey Sox batting - Pitching for El Paso Texans : RHP Bill Hines
|
Now at 2B: Jeffery Ivey
|
|
Now in LF: Roberto Félix
|
|
Batting: RHB Bryant von Bohlen
|
0-0: Ball 1-0: Swinging Strike 1-1: Called Strike 1-2: Ball 2-2: Foul Ball, location: 2F 2-2: Strikes out swinging wild pitch, reaches first!
|
Pinch Hitting: LHB Bob Jones
|
0-0: Fly out, F9 (Flyball, 9)
|
Batting: RHB Luis Pineda
|
0-0: Called Strike 0-1: Swinging Strike 0-2: Ball 1-2: SINGLE (Groundball, 6) (infield hit) Bryant von Bohlen to second
|
Batting: LHB Amlak Saitoti
|
0-0: Ball 1-0: Ball 2-0: Sac Bunt - play at first, batter OUT! 1-4 Bryant von Bohlen to third Luis Pineda to second
|
Pitching: RHP Ralph Miller
|
|
Pinch Hitting: LHB Gilbert Stegall
|
0-0: Swinging Strike 0-1: SINGLE (Flyball, 78S) Bryant von Bohlen scores Luis Pineda to third Runner from 3rd tries for Home, SAFE, throw made home Gilbert Stegall to second
|
Batting: RHB Félix Guillén
|
0-0: Foul Ball, location: 2F 0-1: Ground out 4-3 (Groundball, 34)
|
Bottom of the 8th over - 2 run(s), 2 hit(s), 0 error(s), 1 left on base; El Paso 3 - Montgomery 5 |
TOP OF THE 9TH |
El Paso Texans batting - Pitching for Montgomery Grey Sox : RHP Dan Gibson
|
Pitching: RHP Ron Simmons
|
|
Now at 2B: Alberto García
|
|
Now in CF: Gilbert Stegall
|
|
Batting: RHB Andrew O'Dell
|
0-0: Ball 1-0: Foul Ball, location: 2F 1-1: Ball 2-1: Ball 3-1: Called Strike 3-2: Base on Balls
|
Batting: RHB John Wilson
|
0-0: Foul Ball, location: 2F 0-1: Ball 1-1: Foul Ball, location: 2F 1-2: Ball 2-2: Foul Ball, location: 2F 2-2: Strikes out looking
|
Batting: RHB José Murillo
|
0-0: Ball 1-0: Foul Ball, location: 2F 1-1: Called Strike 1-2: Strikes out looking
|
Batting: LHB Guy Moss
|
0-0: Foul Ball, location: 2F 0-1: Foul Ball, location: 2F 0-2: Ball 1-2: SINGLE (Groundball, 6D) Andrew O'Dell to second
|
Batting: SHB Oliver Riley
|
0-0: Ball 1-0: DOUBLE (Line Drive, 9LM) Andrew O'Dell scores Guy Moss to third Runner from 3rd tries for Home, SAFE, no throw
|
Batting: RHB Javier Álvarez
|
Balk! Oliver Riley to third 0-0: Called Strike 0-1: Ground out 5-3 (Groundball, 56)
|
Top of the 9th over - 2 run(s), 2 hit(s), 0 error(s), 1 left on base; El Paso 5 - Montgomery 5 |
BOTTOM OF THE 9TH |
Montgomery Grey Sox batting - Pitching for El Paso Texans : RHP Ralph Miller
|
Batting: RHB Frederick Curtis
|
0-0: Fly out, F4 (Popup, 4)
|
Batting: SHB Joe Pierce
|
0-0: Called Strike 0-1: Swinging Strike 0-2: Strikes out swinging, 2-3 out at first.
|
Batting: RHB Dean Bailey
|
0-0: SINGLE (Groundball, 56D)
|
Batting: RHB Bryant von Bohlen
|
0-0: Called Strike Dean Bailey is caught stealing 2nd base
|
Bottom of the 9th over - 0 run(s), 1 hit(s), 0 error(s), 0 left on base; El Paso 5 - Montgomery 5 |
TOP OF THE 10TH |
El Paso Texans batting - Pitching for Montgomery Grey Sox : RHP Ron Simmons
|
Batting: LHB Roberto Félix
|
0-0: Ball 1-0: Swinging Strike 1-1: SINGLE (Groundball, 3D)
|
Batting: RHB John James
|
0-0: Ball Roberto Félix is caught stealing 2nd base 1-0: Swinging Strike 1-1: Ball 2-1: Ball 3-1: Fly out, F6 (Line Drive, 6M)
|
Batting: SHB Jeffery Ivey
|
0-0: Ball 1-0: Ground out 1-3 (Groundball, 13)
|
Top of the 10th over - 0 run(s), 1 hit(s), 0 error(s), 0 left on base; El Paso 5 - Montgomery 5 |
BOTTOM OF THE 10TH |
Montgomery Grey Sox batting - Pitching for El Paso Texans : RHP Ralph Miller
|
Batting: RHB Bryant von Bohlen
|
0-0: Foul Ball, location: 2F 0-1: Called Strike 0-2: Strikes out swinging
|
Pinch Hitting: RHB Félix Cruz
|
0-0: Called Strike 0-1: Called Strike 0-2: Ball 1-2: Ball 2-2: Foul Ball, location: 2F 2-2: Strikes out swinging
|
Batting: RHB Luis Pineda
|
0-0: Fly out, F7 (Flyball, 78M)
|
Bottom of the 10th over - 0 run(s), 0 hit(s), 0 error(s), 0 left on base; El Paso 5 - Montgomery 5 |
TOP OF THE 11TH |
El Paso Texans batting - Pitching for Montgomery Grey Sox : RHP Ron Simmons
|
Now at SS: Félix Cruz
|
|
Batting: RHB Andrew O'Dell
|
0-0: Called Strike 0-1: Ball 1-1: Ball 2-1: Ball 3-1: Base on Balls
|
Batting: RHB John Wilson
|
0-0: Ball 1-0: Called Strike 1-1: Ball 2-1: Foul Ball, location: 2F 2-2: Hit by Pitch Andrew O'Dell to second
|
Batting: RHB José Murillo
|
0-0: Foul Ball, location: 2F 0-1: Ball 1-1: Ball 2-1: SINGLE (Line Drive, 56) Andrew O'Dell to third John Wilson to second Runner from 3rd tries for Home, throw and OUT!
|
Batting: LHB Guy Moss
|
0-0: Called Strike 0-1: Foul Ball, location: 2F 0-2: Foul Ball, location: 2F 0-2: Fly out, F8 (Flyball, 8RS)
|
Batting: SHB Oliver Riley
|
0-0: Fly out, F9 (Line Drive, 89S)
|
Top of the 11th over - 0 run(s), 1 hit(s), 0 error(s), 2 left on base; El Paso 5 - Montgomery 5 |
BOTTOM OF THE 11TH |
Montgomery Grey Sox batting - Pitching for El Paso Texans : RHP Ralph Miller
|
Batting: LHB Amlak Saitoti
|
0-0: Called Strike 0-1: Fly out, F8 (Line Drive, 89M)
|
Batting: LHB Gilbert Stegall
|
0-0: Fly out, F3 (Line Drive, 34)
|
Batting: RHB Félix Guillén
|
0-0: Swinging Strike 0-1: SINGLE (Flyball, 8RS)
|
Pinch Runner at 1st Martín Palaeios:
|
|
Batting: RHB Frederick Curtis
|
0-0: Ball Martín Palaeios steals 2nd base 1-0: Ball 2-0: Swinging Strike 2-1: Called Strike 2-2: Ball 3-2: Base on Balls
|
Pitching: RHP Firmino Orsi
|
|
Batting: SHB Joe Pierce
|
0-0: Ground out 3-1 (Groundball, 3S)
|
Bottom of the 11th over - 0 run(s), 1 hit(s), 0 error(s), 2 left on base; El Paso 5 - Montgomery 5 |
TOP OF THE 12TH |
El Paso Texans batting - Pitching for Montgomery Grey Sox : RHP Ron Simmons
|
Now in LF: Martín Palaeios
|
|
Batting: RHB Javier Álvarez
|
0-0: Ground out 6-3 (Groundball, 6S)
|
Batting: LHB Roberto Félix
|
0-0: Ball 1-0: Ball 2-0: Ball 3-0: Called Strike 3-1: SINGLE (Groundball, 4D)
|
Batting: RHB John James
|
0-0: Ball 1-0: Ball 2-0: Ball 3-0: Called Strike 3-1: Foul Ball, location: 2F 3-2: Foul Ball, location: 2F 3-2: Fly out, F2 (Popup, 15S)
|
Batting: SHB Jeffery Ivey
|
0-0: Ball 1-0: Ball 2-0: Ball 3-0: Fly out, F9 (Line Drive, 9)
|
Top of the 12th over - 0 run(s), 1 hit(s), 0 error(s), 1 left on base; El Paso 5 - Montgomery 5 |
BOTTOM OF THE 12TH |
Montgomery Grey Sox batting - Pitching for El Paso Texans : RHP Firmino Orsi
|
Batting: RHB Dean Bailey
|
0-0: Ball 1-0: Ball 2-0: Ball 3-0: Called Strike 3-1: Called Strike 3-2: Strikes out swinging
|
Batting: RHB Bryant von Bohlen
|
0-0: Ball 1-0: Ball 2-0: Ball 3-0: Called Strike 3-1: Ground out 5-3 (Groundball, 5)
|
Batting: RHB Félix Cruz
|
0-0: Ball 1-0: Ball 2-0: Called Strike 2-1: Swinging Strike 2-2: Ball 3-2: Base on Balls
|
Batting: RHB Luis Pineda
|
0-0: Ball 1-0: Ball 2-0: Ball 3-0: Called Strike 3-1: Base on Balls Félix Cruz to second
|
Batting: LHB Amlak Saitoti
|
0-0: Ball 1-0: Ball 2-0: Ball 3-0: Base on Balls Félix Cruz to third Luis Pineda to second
|
Batting: LHB Gilbert Stegall
|
0-0: Ball 1-0: Ball 2-0: Called Strike 2-1: Foul Ball, location: 2F 2-2: Ball 3-2: Base on Balls Félix Cruz scores Luis Pineda to third Amlak Saitoti to second
|
Thursday, March 30th, 2017 - OOTP Baseball 17.12 Build 75
|
|